 Dungeon Crawl Stone Soup version 0.27-a0-1548-gf8a67e7463 (webtiles) character file.

Game seed: 12859928443933574103

68191 kr4n3x the Scorcher (level 14, 0/116 HPs)
             Began as a Pale Draconian Fire Elementalist on July 13, 2021.
             Was a Priest of Sif Muna.
             Slain by an ogre (9 damage)
             ... on level 15 of the Dungeon on July 14, 2021.
             The game lasted 02:12:16 (35268 turns).

kr4n3x the Scorcher (DrFE)                         Turns: 35268, Time: 02:12:17

Health: 0/116      AC: 11    Str: 10    XL:     14   Next: 85%
Magic:  23/32      EV: 31    Int: 25    God:    Sif Muna [***...]
Gold:   1458       SH:  0    Dex: 20    Spells: 2/25 levels left

rFire    + . .     SeeInvis .   I - +10 demon whip of Dim Light {pain, rPois rC- Int+4 Dex+8}
rCold    . . .     Faith    .   (no shield)
rNeg     + . .     Spirit   .   (armour unavailable)
rPois    +         Reflect  .   (helmet restricted)
rElec    .         Harm     .   B - +0 cloak {rCorr}
rCorr    +         Rampage  .   d - +1 pair of gloves of Claustrophobia {rF+ rN+ Will+ Slay-3}
Will     ++...                  (no boots)
Stlth    ++........             A - amulet of the acrobat
HPRegen  0.29/turn              f - ring of protection from cold
MPRegen  0.23/turn              k - ring of magical power

@: acrobatic, very slightly contaminated, slowed, invisible, very slow
A: breathe steam, AC +8, unfitting armour, cold-blooded, steam resistance
a: Breathe Steam, Renounce Religion, Channel Magic, Forget Spell


You were on level 15 of the Dungeon.
You worshipped Sif Muna.
Sif Muna was most pleased with you.
You visited 3 branches of the dungeon, and saw 20 of its levels.
You also visited: Sewer and Gauntlet.

You collected 1458 gold pieces.


Innate Abilities, Weirdness & Mutations

You can breathe blasts of scalding, opaque steam.
Your pale cyan-grey scales are hard. (AC +8)
You cannot fit into any form of body armour.
You are cold-blooded and may be slowed by cold attacks.
You are immune to the effects of steam.


   Skills:
 - Level 8.5 Fighting
 - Level 4.1 Maces & Flails
 - Level 6.0 Dodging
 - Level 1.7 Stealth
 - Level 6.0 Spellcasting
 + Level 14.2 Conjurations
 - Level 2.0 Hexes
 - Level 3.8 Translocations
 + Level 15.2 Fire Magic
 * Level 10.8 Earth Magic
 - Level 3.0 Invocations


You had 2 spell levels left.
You knew the following spells:

 Your Spells              Type           Power      Damage    Failure   Level
b - Mephitic Cloud        Conj/Pois/Air  31%        N/A       3%          3
c - Sticky Flame          Conj/Fire      69%        2d8       1%          4
d - Fireball              Conj/Fire      34%        3d14      1%          5
g - Gell's Gravitas       Tloc           13%        N/A       4%          3
l - Lehudib's Crystal Sp  Conj/Erth      31%        10d8      96%         8

Your spell library contained the following spells:

 Spells                   Type           Power      Damage    Failure   Level
 Foxfire                  Conj/Fire      100%       2x1d9     1%          1
 Magic Dart               Conj           100%       1d8       1%          1
 Corona                   Hex            18%        N/A       3%          1
 Slow                     Hex            17%        N/A       4%          2
 Animate Skeleton         Necr           14%        N/A       8%          1
 Beastly Appendage        Tmut           14%        N/A       8%          1
 Pain                     Necr           28%        1d5       8%          1
 Call Imp                 Summ           7%         N/A       11%         2
 Corpse Rot               Necr/Air       N/A        N/A       11%         2
 Sublimation of Blood     Necr           3%         N/A       11%         2
 Wereblood                Tmut           7%         N/A       11%         2
 Conjure Flame            Conj/Fire      69%        6-21      1%          3
 Dazzling Flash           Conj/Hex       96%        N/A       1%          3
 Inner Flame              Hex/Fire       50%        N/A       1%          3
 Iskenderun's Mystic Bla  Conj/Tloc      51%        2d11      1%          4
 Fulminant Prism          Conj/Hex       24%        3d13      2%          4
 Lee's Rapid Deconstruct  Erth           29%        3d16*     2%          5
 Lesser Beckoning         Tloc           13%        N/A       4%          3
 Leda's Liquefaction      Hex/Erth       19%        N/A       5%          4
 Portal Projectile        Hex/Tloc       44%        N/A       7%          3
 Confusing Touch          Hex            17%        N/A       10%         3
 Passage of Golubria      Tloc           N/A        N/A       16%         4
 Call Canine Familiar     Summ           7%         N/A       22%         3
 Frozen Ramparts          Ice            14%        1d3       22%         3
 Spider Form              Tmut/Pois      3%         N/A       22%         3
 Vampiric Draining        Necr           3%         2d6       22%         3
 Manifold Assault         Tloc           26%        N/A       38%         5
 Conjure Ball Lightning   Conj/Air       21%        3x3d6     52%         6
 Airstrike                Air            3%         N/A       58%         4
 Dispel Undead            Necr           7%         3d8       58%         4
 Ice Form                 Ice/Tmut       7%         N/A       58%         4
 Summon Ice Beast         Ice/Summ       7%         N/A       58%         4
 Summon Lightning Spire   Summ/Air       7%         N/A       58%         4
 Silence                  Hex/Air        6%         N/A       80%         5
 Yara's Violent Unravell  Hex/Tmut       6%         3d5       80%         5
 Agony                    Necr           7%         N/A       90%         5
 Death Channel            Necr           3%         N/A       100%        6
 Simulacrum               Ice/Necr       3%         N/A       100%        6
 Haunt                    Necr/Summ      3%         N/A       100%        7
 Malign Gateway           Summ/Tloc      8%         N/A       100%        7
 Storm Form               Tmut/Air       3%         N/A       100%        7
 Borgnjor's Revivificati  Necr           3%         N/A       100%        8
 Maxwell's Capacitive Co  Air            3%         ∞         100%        8
 Chain Lightning          Conj/Air       21%        3d28      100%        9
 Fire Storm               Conj/Fire      34%        8d9       100%        9

Inventory:

Hand Weapons
 a - a +0 short sword
 i - the +6 hunting sling of the Wizarding Penguin {flame, rPois rC+ Int+3}
   (You found it in a Gauntlet)

   It causes projectiles fired from it to burn those they strike, causing extra
   injury to most foes and up to half again as much damage against particularly
   susceptible opponents.
   Int:       It affects your intelligence (+3).
   rC:        It protects you from cold.
   rPois:     It protects you from poison.
 I - the +10 demon whip of Dim Light (weapon) {pain, rPois rC- Int+4 Dex+8}
   (You took it off a minotaur in a Gauntlet)

   In the hands of one skilled in necromantic magic, it inflicts extra damage on
   living creatures.
   Int:       It affects your intelligence (+4).
   Dex:       It affects your dexterity (+8).
   rC:        It makes you vulnerable to cold.
   rPois:     It protects you from poison.
Missiles
 s - 5 atropa-tipped darts
Armour
 d - the +1 pair of gloves of Claustrophobia (worn) {rF+ rN+ Will+ Slay-3}
   (You acquired it on level 8 of the Dungeon)

   Slay:      It affects your accuracy & damage with ranged weapons and melee
   (-3).
   rF:        It protects you from fire.
   rN:        It protects you from negative energy.
   Will:      It increases your willpower.
 u - a +1 cloak of poison resistance
 B - a +0 cloak of preservation (worn)
Magical Staves
 c - a staff of conjuration {!a}
 S - a staff of cold {!a}
 W - a staff of air {!a}
Jewellery
 e - the ring "Osaw" {rC+ rCorr Int+4}
   (You took it off a minotaur in a Gauntlet)

   [ring of resist corrosion]

   Int:       It affects your intelligence (+4).
   rC:        It protects you from cold.
   rCorr:     It protects you from acid and corrosion.
 f - a ring of protection from cold (left hand)
 g - a ring of wizardry
 k - a ring of magical power (right hand)
 o - a +4 ring of protection
 v - a ring of see invisible
 w - a ring of magical power
 y - a ring of willpower
 A - an amulet of the acrobat (around neck)
 D - a +6 ring of dexterity
 F - a ring of fire
 H - a ring of positive energy
 Q - a ring of willpower
 U - the ring "Kialyst" {*Corrode rF+ EV+4 Slay+4}
   (You found it on level 3 of the Lair of Beasts)

   [ring of evasion]

   EV:        It affects your evasion (+4).
   Slay:      It affects your accuracy & damage with ranged weapons and melee
   (+4).
   rF:        It protects you from fire.
   *Corrode:  It may corrode you when you take damage.
Wands
 h - a wand of acid (4)
 G - a wand of digging (8)
 K - a wand of paralysis (13)
 R - a wand of flame (8)
 T - a wand of iceblast (38)
Scrolls
 j - a scroll of enchant weapon
 p - 3 scrolls of holy word
 r - 2 scrolls of enchant armour
 t - 3 scrolls of amnesia
 x - a scroll of silence {!r}
 L - 4 scrolls of identify {@r1}
 M - 3 scrolls of magic mapping
Potions
 b - 7 potions of curing {@q1}
 l - 2 potions of flight
 m - a potion of brilliance
 n - a potion of berserk rage {!q}
 q - a potion of ambrosia
 z - 4 potions of lignification
 J - a potion of resistance
 P - a potion of haste {unknown}
 V - 2 potions of cancellation
Miscellaneous
 N - a piece from Xom's chessboard (15/15)

Dungeon Overview and Level Annotations

Branches:
Dungeon (12/15)            Temple (1/1) D:4            Lair (6/6) D:10
  Swamp (0/4) Lair:4        Snake (0/4) Lair:3        Slime (0/5) Lair:6
    Orc (0/2) D:9          Depths (0/5) D:15          Sewer (visited)
Gauntlet (visited)

Altars:
Ashenzari
Cheibriados
Dithmenos
Elyvilon
Fedhas
Gozag
Hepliaklqana
Kikubaaqudgha
Makhleb
Nemelex Xobeh
Okawaru
Qazlal
Ru
Sif Muna
Trog
Uskayaw
Vehumet
Wu Jian
Xom
Yredelemnul
Zin
The Shining One
Jiyva

Shops:
D:3 ?   D:7 (   D:9 *[

Portals:
Abyss: D:12

Annotations:
D:3 1 runed translucent door, Statics's ghost, weakling DsGl
D:5 3 runed translucent doors, ma3's ghost, weakling HuDe
D:7 3 runed translucent doors, RogueFanUK's ghost, novice DgCj
D:10 1 transporter, bmj180's ghost, journeyman DrCj
D:12 1 transporter, bmj180's ghost, journeyman DrCj
Lair:2 3 runed translucent doors, Tempus's ghost, journeyman OpFE
Lair:6 exclusion: obsidian statue

*** #*##* #######*### ,,***
#.#.##* #.....##...
,,*,******#...O.#######..........
,,,,,*,,*,,,#....#.#..O.#.###.###
,,,,,,,,,,,,#...@.....O..........
,,<,,,*,,,#...#OWs#W....#.#.####.
,>,,*,,,*...#...#.W.#O..#......##
,,<,,,*,,.#...#...#.J...#.#..#..#
,,,,,,,,,.................#.#.#.#
*********▒▒▒▒▒▒▒▒▒▒▒▒▒..#.#.W#..#
**********,**********▒▒.#.##.....
≈≈≈≈≈≈**,,,,,,*,,,,,,*▒.#..####.#
,,,,,≈**,**,,*+*,*,,,*▒..#..JW...


You could see a slime creature (wandering), a wolf spider, 3 two-headed ogres, a
freezing wraith, 2 wraiths and 2 ogres.


Message History

The wolf spider completely misses you.
The two-headed ogre hits you with a +0 giant club!
* * * LOW HITPOINT WARNING * * *
The two-headed ogre completely misses you.
The wolf spider barely misses you. The wolf spider completely misses you.
The wraith hits you.
* * * LOW HITPOINT WARNING * * *
The wraith drains your vigour!
You feel as though you will be slow longer.
The freezing wraith misses you. The freezing wraith barely misses you.
The slime creature quivers.
Okay, then.
As you read the scroll of fear, it crumbles to dust.
You assume a fearsome visage.
The freezing wraith is unaffected.
The two-headed ogre looks frightened! x3; The ogre looks frightened!
The wolf spider looks frightened!
The slime creature resists with almost no effort.
The slime creature looks frightened!
The wraith is unaffected. x2
The wraith hits you.
* * * LOW HITPOINT WARNING * * *
The wraith drains your vigour!
You feel as though you will be slow longer.
The wolf spider hits you!
* * * LOW HITPOINT WARNING * * *
The wolf spider barely misses you.
The freezing wraith completely misses you.
The freezing wraith misses you. The wraith misses you.
The wolf spider completely misses you. The wolf spider misses you.
The ogre hits you with a +0 giant club!
You die...

Skill      XL: |  1  2  3  4  5  6  7  8  9 10 11 12 13 14 |
---------------+-------------------------------------------+-----
Conjurations   | 2 3 4 5 6 7 9 10 11 12 13 14 | 14.2
Fire Magic     | 4 5 6 8 10 11 12 13 14 15 | 15.2
Hexes          | 1 2 |  2.0
Spellcasting   | 3 4 6 |  6.0
Fighting       | 3 5 6 7 8 |  8.5
Invocations    | 1 3 |  3.0
Dodging        | 3 4 6 |  6.0
Maces & Flails | 1 4 |  4.1
Earth Magic    | 2 8 10 | 10.8
Translocations | 1 3 |  3.8
Stealth        | |  1.7

Action                   |  1- 3 |  4- 6 |  7- 9 | 10-12 | 13-15 || total
-------------------------+-------+-------+-------+-------+-------++-------
Melee: Short sword       |    10 |       |       |    51 |       ||    61
       Tailslap          |     3 |       |       |    25 |    88 ||   116
       Staff             |     3 |     7 |    18 |    54 |       ||    82
       Demon whip        |       |       |       |    91 |   434 ||   525
 Cast: Foxfire           |    76 |   110 |   168 |   282 |    49 ||   685
       Sticky Flame      |       |       |    35 |    77 |   132 ||   244
       Inner Flame       |       |       |     6 |       |       ||     6
       Fireball          |       |       |       |    65 |   118 ||   183
       Mephitic Cloud    |       |       |       |     3 |     4 ||     7
       Gell's Gravitas   |       |       |       |       |     1 ||     1
Invok: Channel Magic     |       |       |     1 |     4 |     2 ||     7
 Abil: Breathe Steam     |       |       |     3 |    10 |     5 ||    18
Evoke: Wand              |       |       |       |     8 |       ||     8
  Use: Scroll            |     2 |     8 |     6 |    12 |    12 ||    40
       Potion            |       |       |     3 |     6 |     9 ||    18
 Stab: Sleeping          |     1 |       |       |       |     1 ||     2
       Confused          |       |       |       |       |     1 ||     1
       Invisible         |       |       |       |       |     1 ||     1
Armor: Skin              |    13 |     9 |    36 |   118 |   222 ||   398
Dodge: Dodged            |    18 |    32 |    83 |   188 |   598 ||   919

Levels and vault maps discovered:
D:1:      ncdulo_lavacross, layout_loops_corners, eino_curves_01,
          minmay_tetromino_s4
D:2:      layout_basic
D:3:      layout_loops_ring, serial_shops, nicolae_lakefront_shop,
          cheibrodos_sewer_entry_drain, ebering_ghost_reflecting_pool,
          minmay_crystal_room, uniq_jessica
D:4:      layout_loops_ring, minmay_temple_entry_stoned_glass
D:5:      layout_loops_corners, mainiacjoe_overflow_cross_hatched,
          gammafunk_ghost_necromancy
D:6:      layout_layer_cave, jmf_multi_god_temple, serial_undead,
          serial_undead_e, serial_undead_c, serial_undead_e, serial_undead_a,
          serial_undead_d, grunt_ministairs_10, uniq_prince_ribbit1
D:7:      layout_loops_ring, gammafunk_ghost_necromancy, serial_shops,
          nicolae_stop_n_shop_1, minivault_25
D:8:      minmay_razor_zed, layout_basic, nicolae_overflow_crystal_walls
D:9:      layout_loops_ring, mainiacjoe_overflow_catwalk_spiral,
          xom_shifter_show, david_orc_3, serial_shops, shop_statue,
          grunt_livestock, nicolae_elemental_shop, minmay_misc_feat_tower
D:10:     layout_roguey, minmay_lair_entry_grove,
          gammafunk_ghost_berserking_beasts
D:11:     layout_irregular_city
D:12:     layout_basic, portal_ice_cave_entry_pillars_2,
          gammafunk_ghost_abyssal_escape, minmay_statue_bubble
D:15:     hangedman_slaughterboxes
Temple:   minmay_freezing_vapour_temple
Lair:1:   layout_regular_city, hellmonk_ghost_happy_afterlife,
          gauntlet_entry_generic, pond
Lair:2:   layout_cave_pods, ebering_ghost_rock_garden, basic_altar,
          roderic_carrion_pond, lemuel_fruit_tree, grunt_megastairs_5,
          lemuel_fruit_fields
Lair:3:   layout_chaotic_city, dummy_snake_entry, ice2_lemuel,
          serial_bayou_shore_a
Lair:4:   layout_gridlike, swamp_mist_pool, minmay_lair_oklob_chamber
Lair:5:   layout_small_grid, basic_altar, chequers_serial_rivers_micro_b,
          chequers_serial_rivers_room_a, infiniplex_staircase_pool_2,
          lemuel_fruit_fields, uniq_nessos
Lair:6:   due_jungle_book, layout_gridlike, slime_altar_1, lemuel_fruit_fields,
          grunt_megastairs_1

Notes
Turn   | Place    | Note
-------+----------+-------------------------------------------
     0 | D:1      | kr4n3x the Draconian Fire Elementalist began the quest for
                  | the Orb.
     0 | D:1      | Reached XP level 1. HP: 14/14 MP: 3/3
   283 | D:1      | Reached skill level 2 in Conjurations
   340 | D:1      | Reached XP level 2. HP: 20/20 MP: 0/5
  1458 | D:2      | Reached skill level 3 in Conjurations
  1461 | D:2      | Reached XP level 3. HP: 24/26 MP: 1/6
  1672 | D:2      | Learned a level 3 spell: Inner Flame
  2137 | D:3      | Found a glowing drain.
  2198 | Sewer    | Entered a sewer
  2496 | D:3      | Reached XP level 4. HP: 33/33 MP: 3/7
  2507 | D:3      | Found Ygocoid's Magic Scroll Shop.
  2702 | D:3      | Reached skill level 4 in Conjurations
  2702 | D:3      | Reached skill level 4 in Fire Magic
  2751 | D:3      | Noticed Jessica
  2767 | D:3      | Killed Jessica
  2768 | D:3      | Reached XP level 5. HP: 38/38 MP: 3/8
  3618 | D:3      | Found a runed translucent door.
  3623 | D:3      | Noticed Statics's ghost (weakling DsGl)
  3966 | D:4      | Noticed an ogre
  3974 | D:4      | Killed an ogre
  3975 | D:4      | Reached XP level 6. HP: 45/45 MP: 3/9
  3980 | D:4      | Learned a level 4 spell: Sticky Flame
  4194 | D:4      | Reached skill level 1 in Hexes
  4401 | D:4      | Found a staircase to the Ecumenical Temple.
  4420 | Temple   | Entered the Ecumenical Temple
  4425 | Temple   | Became a worshipper of Sif Muna the Loreminder
  4886 | D:5      | Entered Level 5 of the Dungeon
  5301 | D:5      | Reached skill level 5 in Conjurations
  5301 | D:5      | Reached skill level 5 in Fire Magic
  5331 | D:5      | Found a white marble altar of Elyvilon.
  5576 | D:5      | Found a runed translucent gate.
  5576 | D:5      | Found a runed translucent gate.
  5577 | D:5      | Noticed ma3's ghost (weakling HuDe)
  5579 | D:5      | Found a runed translucent gate.
  6128 | D:6      | Your scales start taking on a pale cyan-grey colour.
  6128 | D:6      | Reached XP level 7. HP: 50/50 MP: 0/10
  6128 | D:6      | Gained mutation: You are immune to the effects of steam.
                  | [Pale Draconian growth]
  6179 | D:6      | Reached skill level 6 in Fire Magic
  6341 | D:6      | Reached skill level 2 in Hexes
  6429 | D:6      | Found a blossoming altar of Fedhas.
  6502 | D:6      | Reached skill level 6 in Conjurations
  6555 | D:6      | Found a broken altar of Ashenzari.
  6593 | D:6      | Reached skill level 3 in Spellcasting
  6808 | D:6      | Reached XP level 8. HP: 57/58 MP: 12/12
  6873 | D:6      | Noticed Prince Ribbit
  6890 | D:6      | Reached skill level 1 in Fighting
  6890 | D:6      | Reached skill level 7 in Fire Magic
  7008 | D:6      | Killed Prince Ribbit
  7010 | D:6      | Reached skill level 2 in Fighting
  7010 | D:6      | Reached * piety under Sif Muna
  7023 | D:6      | Reached skill level 7 in Conjurations
  7493 | D:6      | Learned a level 5 spell: Fireball
  7615 | D:6      | Reached skill level 4 in Spellcasting
  7615 | D:6      | Reached skill level 8 in Fire Magic
  7644 | D:7      | Found Yzuosak's Antique Weapon Emporium.
  7704 | D:7      | Reached skill level 3 in Fighting
  7919 | D:7      | Reached XP level 9. HP: 70/70 MP: 15/15
  8176 | D:7      | You fall into a shaft and drop 3 floors!
  8176 | D:10     | Entered Level 10 of the Dungeon
  8260 | D:10     | Reached skill level 8 in Conjurations
  8313 | D:10     | Noticed a two-headed ogre
  8342 | D:10     | Reached skill level 9 in Fire Magic
  8472 | D:10     | Reached skill level 4 in Fighting
  9002 | D:9      | Reached skill level 9 in Conjurations
  9072 | D:9      | Reached skill level 1 in Invocations
  9090 | D:9      | Reached skill level 10 in Fire Magic
  9139 | D:9      | Found Abbiraacuf's Elemental Accessories.
  9164 | D:9      | Found a hazy altar of Hepliaklqana.
  9179 | D:9      | Found a bloodstained altar of Trog.
  9196 | D:9      | Found Enues's Armour Shop.
  9241 | D:9      | Reached skill level 5 in Fighting
  9460 | D:8      | Identified a scroll of acquirement
  9460 | D:8      | Acquired the +1 pair of gloves of Claustrophobia {rF+ rN+
                  | Will+ Slay-3}
  9536 | D:8      | Found a basalt altar of Yredelemnul.
  9592 | D:8      | Reached XP level 10. HP: 81/81 MP: 16/16
  9859 | D:8      | Reached ** piety under Sif Muna
 10167 | D:7      | Found a runed translucent gate.
 10167 | D:7      | Found a runed translucent gate.
 10167 | D:7      | Found a runed translucent gate.
 10167 | D:7      | Noticed RogueFanUK's ghost (novice DgCj)
 10347 | D:8      | Learned a level 3 spell: Mephitic Cloud
 10644 | D:8      | Reached skill level 2 in Invocations
 10820 | D:8      | Reached skill level 2 in Dodging
 10924 | D:8      | Noticed a two-headed ogre
 10937 | D:8      | Killed a two-headed ogre
 11954 | D:9      | Reached skill level 3 in Invocations
 12093 | D:9      | Found a staircase to the Orcish Mines.
 12254 | D:9      | Reached skill level 10 in Conjurations
 12512 | D:9      | Found a shimmering altar of Xom.
 12514 | D:9      | Found a shimmering altar of Xom.
 12514 | D:9      | Found a shimmering altar of Xom.
 12515 | D:9      | Found a shimmering altar of Xom.
 12516 | D:9      | Found a shimmering altar of Xom.
 12521 | D:9      | Found a shimmering altar of Xom.
 12521 | D:9      | Found a shimmering altar of Xom.
 12656 | D:9      | Noticed a two-headed ogre
 12670 | D:9      | Killed a two-headed ogre
 12671 | D:9      | Reached skill level 6 in Fighting
 12671 | D:9      | Reached skill level 3 in Dodging
 12671 | D:9      | Reached skill level 11 in Fire Magic
 12975 | D:9      | Reached XP level 11. HP: 89/89 MP: 5/18
 13119 | D:10     | Killed a two-headed ogre
 13120 | D:10     | Reached skill level 5 in Spellcasting
 13787 | D:10     | Found a staircase to the Lair.
 13937 | Lair:1   | Entered Level 1 of the Lair of Beasts
 13949 | Lair:1   | Found a gate leading to a gauntlet.
 14019 | Gauntlet | Entered a Gauntlet
 14019 | Gauntlet | Found a transporter.
 14022 | Gauntlet | Found a transporter.
 14024 | Gauntlet | Found a transporter.
 14038 | Gauntlet | Found a transporter.
 14040 | Gauntlet | Found a transporter.
 14050 | Gauntlet | Found a transporter.
 14050 | Gauntlet | Noticed an obsidian statue
 14063 | Gauntlet | Noticed a hell hog
 14066 | Gauntlet | Found a transporter.
 14077 | Gauntlet | Found a transporter.
 14080 | Gauntlet | Noticed a death yak
 14080 | Gauntlet | Noticed a death yak
 14081 | Gauntlet | Noticed a death yak
 14085 | Gauntlet | Noticed a death yak
 14085 | Gauntlet | Noticed a death yak
 14087 | Gauntlet | Found a runed translucent door.
 14088 | Gauntlet | Found a transporter.
 14095 | Gauntlet | Found a runed translucent door.
 14095 | Gauntlet | Found a runed translucent door.
 14098 | Gauntlet | Found a runed translucent door.
 14098 | Gauntlet | Noticed a necromancer
 14100 | Gauntlet | Found a transporter.
 14100 | Gauntlet | Found a transporter.
 14119 | Gauntlet | Found a transporter.
 14126 | Gauntlet | Found a transporter.
 14126 | Gauntlet | Found a transporter.
 14259 | Gauntlet | Reached skill level 4 in Dodging
 14508 | Gauntlet | Reached *** piety under Sif Muna
 14514 | Gauntlet | Reached skill level 7 in Fighting
 14516 | Gauntlet | Reached skill level 11 in Conjurations
 14520 | Gauntlet | Identified the +6 hunting sling of the Wizarding Penguin
                  | {flame, rPois rC+ Int+3}
 14758 | Gauntlet | Identified the +10 demon whip of Dim Light {pain, rPois rC-
                  | Int+4 Dex+8}
 14758 | Gauntlet | Identified the ring "Osaw" {rC+ rCorr Int+4}
 14758 | Gauntlet | Noticed a minotaur
 14773 | Gauntlet | Killed a minotaur
 14774 | Gauntlet | Reached skill level 12 in Fire Magic
 15057 | Lair:1   | Reached skill level 1 in Maces & Flails
 15288 | Lair:1   | You fall into a shaft and drop 1 floor!
 15430 | Lair:2   | Found a burning altar of Makhleb.
 15439 | Lair:2   | Found a runed translucent gate.
 15439 | Lair:2   | Found a runed translucent gate.
 15617 | Lair:1   | Reached skill level 6 in Spellcasting
 15617 | Lair:1   | Reached XP level 12. HP: 45/100 MP: 3/21
 16021 | Lair:1   | Found a runed translucent door.
 16028 | Lair:1   | Noticed qborf's ghost (novice FeEn)
 16084 | Lair:1   | Reached skill level 2 in Maces & Flails
 16101 | Lair:1   | Reached skill level 5 in Dodging
 16478 | Lair:1   | Killed qborf's ghost
 16619 | Lair:1   | Identified a potion of resistance
 17273 | Lair:2   | Reached skill level 3 in Maces & Flails
 17347 | Lair:2   | Reached skill level 8 in Fighting
 17839 | Lair:2   | Found a runed translucent gate.
 17844 | Lair:2   | Noticed Tempus's ghost (journeyman OpFE)
 18164 | Lair:3   | Found a staircase to the Snake Pit.
 18246 | Lair:3   | Reached skill level 12 in Conjurations
 18252 | Lair:3   | Reached skill level 13 in Fire Magic
 18759 | Lair:3   | Learned a level 8 spell: Lehudib's Crystal Spear
 18805 | Lair:3   | Reached **** piety under Sif Muna
 19098 | Lair:3   | Identified the +7 rapier of Daxker {holy, Int+4}
 19205 | Lair:3   | Reached skill level 4 in Maces & Flails
 19206 | Lair:3   | Identified the ring "Kialyst" {*Corrode rF+ EV+4 Slay+4}
 19505 | Lair:3   | Reached skill level 1 in Earth Magic
 19588 | Lair:4   | Noticed an eight-headed hydra
 19958 | Lair:4   | Found a staircase to the Swamp.
 20145 | Lair:4   | Reached skill level 6 in Dodging
 20222 | Lair:4   | Noticed a death yak
 20222 | Lair:4   | Noticed a death yak
 20223 | Lair:4   | Killed an eight-headed hydra
 20224 | Lair:4   | Reached skill level 2 in Earth Magic
 20300 | Lair:4   | Killed a death yak
 20301 | Lair:4   | Reached XP level 13. HP: 61/108 MP: 22/22
 20506 | Lair:4   | Reached skill level 3 in Earth Magic
 21064 | Lair:4   | Reached skill level 4 in Earth Magic
 21476 | Lair:4   | Got Loank's Grimoire of Ensnaring Air
 21482 | Lair:4   | Got the Papyrus of Sinister Arts
 21681 | Lair:5   | Reached skill level 5 in Earth Magic
 21683 | Lair:5   | Noticed Nessos
 22184 | Lair:5   | Found an opulent altar of Gozag.
 22448 | Lair:6   | Entered Level 6 of the Lair of Beasts
 22531 | Lair:6   | Reached skill level 14 in Fire Magic
 22587 | Lair:6   | Reached skill level 13 in Conjurations
 22594 | Lair:6   | Reached skill level 6 in Earth Magic
 24044 | Lair:5   | Reached skill level 7 in Earth Magic
 24208 | Lair:5   | Killed Nessos
 25214 | Lair:6   | Reached ***** piety under Sif Muna
 25720 | Lair:5   | Received a gift from Sif Muna
 25721 | Lair:5   | Reached skill level 8 in Earth Magic
 25723 | Lair:5   | Got Sif Muna's Catalogue of the Traveller and Unholy Magic
                  | {god gift}
 25728 | Lair:5   | Learned a level 3 spell: Gell's Gravitas
 26408 | Lair:6   | Found a staircase to the Slime Pits.
 26408 | Lair:6   | Found a viscous altar of Jiyva.
 26491 | Lair:6   | Noticed a dire elephant
 26491 | Lair:6   | Noticed a dire elephant
 26491 | Lair:6   | Noticed a dire elephant
 26524 | Lair:6   | Reached skill level 1 in Translocations
 26524 | Lair:6   | Reached XP level 14. HP: 109/116 MP: 17/23
 27470 | Lair:6   | Reached skill level 2 in Translocations
 28128 | Lair:6   | Reached skill level 9 in Earth Magic
 28780 | Lair:5   | HP: 8/113 [dire elephant (29)]
 29715 | Lair:6   | Reached skill level 3 in Translocations
 31209 | Lair:6   | Reached skill level 15 in Fire Magic
 31357 | Lair:6   | Reached skill level 10 in Earth Magic
 32707 | D:10     | Reached skill level 14 in Conjurations
 32856 | D:10     | Found a transporter.
 32856 | D:10     | Noticed bmj180's ghost (journeyman DrCj)
 32871 | D:10     | Found a transporter.
 35084 | D:12     | Noticed bmj180's ghost (journeyman DrCj)
 35084 | D:12     | Found a one-way gate to the infinite horrors of the Abyss.
 35112 | D:12     | Found a transporter.
 35123 | D:12     | You fall into a shaft and drop 3 floors!
 35123 | D:15     | Entered Level 15 of the Dungeon
 35267 | D:15     | HP: 8/116 [wolf spider (12)]
 35268 | D:15     | Slain by an ogre

Vanquished Creatures
  Nessos (Lair:5)
  A minotaur (Gauntlet)
  4 dire elephants (Lair:6)
  A boulder beetle (D:11)
  2 catoblepae
  3 hydras
  4 two-headed ogres
  A centaur warrior (D:15)
  A death knight (D:11)
  12 death yaks
  A spectral dire elephant (Lair:5)
  A skeletal warrior (D:11)
  A spectral anaconda (Lair:5)
  The ghost of qborf the Jinx, a novice FeEn of Dithmenos (Lair:1)
  A harpy (shapeshifter) (D:15)
  4 necromancers
  4 oklob plants (Lair:4)
  2 moths of wrath
  A manticore (D:11)
  14 elephants
  A torpor snail (Lair:4)
  4 black mambas
  An ice statue (Lair:3)
  A smoke demon (Gauntlet)
  16 cane toads
  7 komodo dragons
  A tengu conjurer (D:15)
  2 ice devils
  A troll (D:10)
  6 polar bears
  Prince Ribbit (D:6)
  A hornet (Lair:2)
  2 spectral elephants (Lair:6)
  26 blink frogs
  6 redbacks
  2 wraiths
  8 wyverns
  A dire elephant simulacrum (Lair:6)
  4 hogs (D:9)
  41 yaks
  A human (D:9)
  5 basilisks
  2 vampire mosquitoes (D:12)
  2 steam dragons (D:9)
  16 water moccasins
  A sky beast (D:8)
  A hornet zombie (D:6)
  8 necrophages
  4 ice beasts (Lair:3)
  A black bear (D:10)
  7 orc warriors
  2 elephant zombies (Lair:6)
  An ogre (D:4)
  6 wolves
  3 elephant skeletons (Lair:6)
  A phantom (D:6)
  4 centaurs
  6 kobold brigands
  18 bullfrogs
  2 wyvern zombies (D:6)
  A water moccasin zombie (D:6)
  A scorpion (D:10)
  2 wyvern skeletons
  2 water moccasin skeletons
  2 elephant simulacra (Lair:6)
  9 wights
  5 howler monkeys
  A crimson imp (Gauntlet)
  3 jellies
  2 orc priests (D:9)
  5 centaur zombies
  4 hounds
  A centaur skeleton (D:6)
  2 gnoll shamans
  Jessica (D:3)
  4 orc wizards
  5 hell rats (Lair:3)
  2 killer bee zombies (D:6)
  5 howler monkey zombies
  8 gnolls
  A howler monkey skeleton (D:6)
  9 adders
  3 river rats
  4 white imps
  3 worms
  An adder skeleton (D:4)
  2 dart slugs
  20 orcs
  3 endoplasms
  6 giant cockroaches
  9 goblins
  9 hobgoblins
  8 jackals
  24 kobolds
  2 quokkas
  4 ball pythons
  6 bats
  2 frilled lizards
  4 rats
468 creatures vanquished.

Vanquished Creatures (collateral kills)
  A dire elephant (Lair:5)
  9 foxfires
10 creatures vanquished.

Vanquished Creatures (others)
  A komodo dragon (D:10)
  A yak (D:10)
  2 demonic plants (Gauntlet)
  1086 foxfires
  56 fungi
  73 plants
  30 withered plants
1249 creatures vanquished.

Grand Total: 1727 creatures vanquished

Table legend: (Time is in decaauts)
 A = Elapsed time spent in this place.
 B = Non-inter-level travel time spent in this place.
 C = Inter-level travel time spent in this place.
 D = Time resting spent in this place.
 E = Time spent auto-exploring this place.
 F = Levels seen in this place.
 G = Mean time per level.
                   A        B        C        D        E       F      G
               +--------+--------+--------+--------+--------+-----+--------+
         Total |  35390 |  34661 |    729 |  12539 |  15899 |  22 | 1608.6 |
       Dungeon |  16701 |  16257 |    444 |   3856 |   9719 |  13 | 1284.7 |
        Temple |     11 |     11 |      0 |      0 |      0 |   1 |   11.0 |
          Lair |  17685 |  17401 |    284 |   8420 |   5851 |   6 | 2947.5 |
         Sewer |      7 |      7 |      0 |      0 |      0 |   1 |    7.0 |
      Gauntlet |    984 |    984 |      0 |    263 |    329 |   1 |  984.0 |
               +--------+--------+--------+--------+--------+-----+--------+

Top non-repeatable levels by time:
  Lair:5: 5455 daAuts
  Lair:6: 4783 daAuts
    D:10: 2648 daAuts
  Lair:3: 2254 daAuts
     D:9: 2190 daAuts
     D:8: 1985 daAuts
  Lair:4: 1940 daAuts
  Lair:1: 1809 daAuts
     D:3: 1639 daAuts
     D:6: 1573 daAuts
  Lair:2: 1441 daAuts
     D:1: 1349 daAuts
     D:4: 1183 daAuts
     D:5: 1183 daAuts
    D:11: 1066 daAuts

Table legend:
 A = Non-vault XP
 B = Vault XP
 C = Vault XP percentage of total XP
 D = Non-vault monster count
 E = Vault monster count
 F = Vault count percentage of total count
                 A         B        C        D         E       F
            +---------+---------+-------+---------+---------+-------
      Total |   49186 |   48231 |  49.5 |     303 |     166 |  35.4
            +---------+---------+-------+---------+---------+-------
        D:1 |      34 |       1 |   2.9 |      21 |       1 |   4.5
        D:2 |      20 |       0 |   0.0 |       9 |       0 |   0.0
        D:3 |     178 |      68 |  27.6 |      31 |       6 |  16.2
        D:4 |     180 |       0 |   0.0 |      13 |       0 |   0.0
        D:5 |     131 |       0 |   0.0 |       4 |       0 |   0.0
        D:6 |     671 |    1242 |  64.9 |      13 |      17 |  56.7
        D:7 |     479 |       0 |   0.0 |      15 |       0 |   0.0
        D:8 |     541 |    2163 |  80.0 |      10 |      15 |  60.0
        D:9 |    2591 |    1399 |  35.1 |      22 |      12 |  35.3
       D:10 |    3894 |    2496 |  39.1 |      36 |      14 |  28.0
       D:11 |    5486 |       0 |   0.0 |      15 |       0 |   0.0
       D:12 |     365 |       0 |   0.0 |       2 |       0 |   0.0
       D:15 |       0 |    2335 | 100.0 |       0 |       5 | 100.0
     Lair:1 |    4485 |    2641 |  37.1 |      20 |      10 |  33.3
     Lair:2 |    2343 |     737 |  23.9 |      11 |       6 |  35.3
     Lair:3 |    6294 |    2811 |  30.9 |      22 |      13 |  37.1
     Lair:4 |    5969 |    2251 |  27.4 |      14 |       4 |  22.2
     Lair:5 |    8687 |    9613 |  52.5 |      26 |      14 |  35.0
     Lair:6 |    6838 |   17016 |  71.3 |      19 |      38 |  66.7
   Gauntlet |       0 |    3458 | 100.0 |       0 |      11 | 100.0
            +---------+---------+-------+---------+---------+-------
